 Dungeon Crawl Stone Soup version 0.22.1-2-g9c5b331383 (webtiles) character file.

4201 Ihlosi the Fighter (level 10, -14/66 HPs)
             Began as a Kobold Gladiator on Dec 13, 2018.
             Demolished by a manticore (18 damage)
             ... on level 8 of the Dungeon.
             The game lasted 00:22:29 (9497 turns).

Ihlosi the Fighter (Kobold Gladiator)               Turns: 9497, Time: 00:22:29

Health: -14/66     AC:  7    Str: 14    XL:     10   Next: 54%
Magic:  23/23      EV: 18    Int: 14    God:
Gold:   297        SH:  0    Dex: 17    Spells: 9/9 levels left

rFire    . . .     SeeInvis .   a - +1 rapier
rCold    . . .     Gourm    .   (shield restricted)
rNeg     . . .     Faith    .   b - +0 leather armour
rPois    .         Spirit   .   c - +0 helmet
rElec    .         Reflect  .   l - +1 cloak
rCorr    .         Harm     .   M - +0 pair of gloves
MR       .....                  (no boots)
Stlth    ++++......             n - amulet of rage
HPRegen  0.21/turn              P - ring of magical power
MPRegen  0.18/turn              s - +4 ring of intelligence

@: no status effects
A: small, carnivore
a: Evoke Berserk Rage


You were on level 8 of the Dungeon.
You were very full.

You visited 1 branch of the dungeon, and saw 8 of its levels.

You collected 409 gold pieces.
You spent 112 gold pieces at shops.

Inventory:

Hand Weapons
 a - a +1 rapier (weapon)
 m - a +2 whip of electrocution
 p - a +1 dagger of venom
 t - a cursed -3 long sword
 K - a +0 blowgun
 O - a +0 long sword
Missiles
 d - 2 throwing nets (quivered)
 g - 89 bolts
 L - 24 poisoned needles
Armour
 b - a +0 leather armour (worn)
 c - a +0 helmet (worn)
 l - a +1 cloak (worn)
 M - a +0 pair of gloves (worn)
Jewellery
 n - an amulet of rage (around neck)
 q - an uncursed amulet of regeneration {unknown}
 s - a +4 ring of intelligence (right hand)
 H - a +2 ring of intelligence
 P - a ring of magical power (left hand)
Wands
 u - a wand of iceblast (4)
 y - a wand of paralysis (8)
 B - a wand of disintegration (13)
 C - a wand of flame (30)
Scrolls
 i - 2 scrolls of enchant weapon
 k - 3 scrolls of teleportation
 o - 3 scrolls of blinking
 A - 5 scrolls of identify
 D - 3 scrolls of magic mapping
 E - 2 scrolls of remove curse
 F - 3 scrolls of enchant armour {unknown}
 G - a scroll of immolation
 I - a scroll of fear {unknown}
 N - a scroll of fog {unknown}
Potions
 e - 4 potions of curing
 h - 3 potions of mutation
 j - a potion of ambrosia
 r - 2 potions of agility
 v - a potion of invisibility
 w - a potion of lignification
 x - a potion of flight
 z - 4 potions of magic
 J - 2 potions of heal wounds
Comestibles
 f - 24 rations


   Skills:
 * Level 9.2 Fighting
 + Level 9.2 Short Blades
 * Level 3.4 Throwing
 - Level 3.0 Armour
 * Level 6.0 Dodging
 * Level 9.1 Stealth
 * Level 6.1 Evocations


You had 9 spell levels left.
You didn't know any spells.
Your spell library contained the following spells:

 Spells                   Type           Power        Failure   Level  Hunger
 Shock                    Conj/Air       #...         34%         1    ##.....
 Swiftness                Chrm/Air       #.......     47%         2    ###....
 Static Discharge         Conj/Air       #.......     71%         3    ####...
 Airstrike                Air            #.........   98%         4    #####..
 Lightning Bolt           Conj/Air       #.........   100%        5    ######.


Dungeon Overview and Level Annotations

Branches:
Dungeon (8/15)             Temple (0/1) D:7
   Lair: D:8-11

Altars:
Ashenzari
Cheibriados
Gozag
Nemelex Xobeh
Qazlal
Ru
Sif Muna
Trog
Uskayaw
Vehumet
The Shining One

Shops:
D:5 ?   D:8 :


Innate Abilities, Weirdness & Mutations

You are small and have problems with some larger weapons.
You are carnivorous and can eat meat at any time.


Message History

E - 2 scrolls of remove curse (gained 1)
You see here 21 sling bullets.
A manticore comes into view.
Found an escape hatch in the ceiling.
The manticore bites you! The manticore completely misses you.
The manticore barely misses you.
You hit the manticore but do no damage. You barely miss the manticore.
The manticore bites you!
The manticore claws you but does no damage.
The manticore claws you.
You hit the manticore.
The manticore is lightly wounded.
The manticore bites you!!
* * * LOW HITPOINT WARNING * * *
The manticore completely misses you. The manticore claws you!
* * * LOW HITPOINT WARNING * * *
You hit the manticore but do no damage.
The manticore is lightly wounded.
The manticore bites you!!
You die...

##.........# #..
##..........#
#..
###......#....#
##.
##....###..###.#
#. #....##
###.#### #.
#....## ##.##
##. #.....#
##.### #..
#.....## ##..##
#.. #....@.#
##..###..
##....H#
##..#...
#......# ##.....
#..<...# #......
#....... #....<.
#.......#
#......
#.......#
#......
##.######
#...... #......


You could see a manticore.

Vanquished Creatures
  A hippogriff (D:7)
  Sigmund (D:2)
  A yak (D:7)
  3 hogs (D:7)
  A human (D:7)
  A hungry ghost (D:5)
  Edmund (D:5)
  Menkaure (D:4)
  3 ice beasts
  3 sky beasts
  A black bear (D:6)
  7 ogres
  2 centaurs
  A big kobold (D:7)
  2 bullfrogs (D:6)
  A water moccasin zombie (D:6)
  A scorpion (D:7)
  2 crimson imps
  An iron imp (D:6)
  3 hounds
  Crazy Yiuf (D:2)
  A gnoll shaman (D:6)
  2 iguanas
  2 orc priests
  3 orc wizards
  A centaur skeleton (D:5)
  Natasha (thrice) (D:2)
  8 worker ants
  A hound zombie (D:7)
  2 hound skeletons
  Robin (D:2)
  11 gnolls
  8 adders
  A shadow imp (D:5)
  A white imp (D:8)
  2 adder zombies
  An adder skeleton (D:7)
  2 worms
  3 dart slugs
  7 leopard geckos
  12 orcs
  5 giant cockroaches
  15 goblins
  7 hobgoblins
  6 jackals
  15 kobolds
  3 quokkas
  4 ball pythons
  7 bats
  5 frilled lizards
  A leopard gecko skeleton (D:4)
  A quokka skeleton (D:4)
  10 rats
  A butterfly (D:7)
190 creatures vanquished.

Vanquished Creatures (others)
  A goblin (D:3)
1 creature vanquished.

Grand Total: 191 creatures vanquished

Notes
Turn   | Place    | Note
-------+----------+-------------------------------------------
     0 | D:1      | Ihlosi the Kobold Gladiator began the quest for the Orb.
     0 | D:1      | Reached XP level 1. HP: 12/12 MP: 1/1
    39 | D:1      | Reached XP level 2. HP: 10/17 MP: 2/2
   406 | D:1      | Reached skill level 1 in Stealth
   440 | D:1      | Reached XP level 3. HP: 18/22 MP: 3/3
   971 | D:2      | Found a shattered altar of Ashenzari.
   994 | D:2      | Reached XP level 4. HP: 14/27 MP: 4/4
  1223 | D:2      | Noticed Robin
  1240 | D:2      | Killed Robin
  1242 | D:2      | Reached skill level 1 in Armour
  1747 | D:2      | Noticed Natasha
  1775 | D:2      | Killed Natasha
  1775 | D:2      | Reached XP level 5. HP: 24/31 MP: 5/5
  1850 | D:2      | Reached skill level 5 in Short Blades
  1850 | D:2      | Reached skill level 1 in Evocations
  2038 | D:2      | Noticed Sigmund
  2089 | D:2      | Killed Sigmund
  2089 | D:2      | Reached XP level 6. HP: 37/37 MP: 5/7
  2122 | D:2      | Noticed Natasha
  2134 | D:2      | Killed Natasha
  2354 | D:2      | Found a runed door.
  2358 | D:2      | Noticed Crazy Yiuf
  2363 | D:2      | Killed Crazy Yiuf
  2409 | D:2      | Noticed Natasha
  2422 | D:2      | Killed Natasha
  2422 | D:2      | Reached XP level 7. HP: 10/41 MP: 8/8
  3039 | D:3      | Found an opulent altar of Gozag.
  3185 | D:3      | Found a faded altar of an unknown god.
  3283 | D:3      | Found a radiant altar of Vehumet.
  3403 | D:3      | Found a sparkling altar of Nemelex Xobeh.
  4252 | D:4      | Noticed Menkaure
  4258 | D:4      | Killed Menkaure
  4258 | D:4      | Reached skill level 5 in Stealth
  4258 | D:4      | Reached XP level 8. HP: 30/48 MP: 10/10
  4276 | D:4      | Reached skill level 5 in Dodging
  4362 | D:5      | Entered Level 5 of the Dungeon
  4758 | D:5      | Noticed Edmund
  4782 | D:5      | Killed Edmund
  4782 | D:5      | Reached skill level 5 in Fighting
  4911 | D:5      | Found Binoidue's Magic Scroll Shoppe.
  4919 | D:5      | Bought 2 scrolls of magic mapping for 98 gold pieces
  4919 | D:5      | Bought a scroll of noise for 14 gold pieces
  5293 | D:5      | Reached XP level 9. HP: 55/55 MP: 12/12
  5313 | D:5      | Found a sacrificial altar of Ru.
  5333 | D:5      | Found a bloodstained altar of Trog.
  5582 | D:5      | Found a stormy altar of Qazlal.
  5582 | D:5      | Found a glowing golden altar of the Shining One.
  5918 | D:6      | Reached skill level 5 in Evocations
  7295 | D:6      | Found a snail-covered altar of Cheibriados.
  7402 | D:7      | Found a staircase to the Ecumenical Temple.
  7423 | D:7      | HP: 1/58 [orc wizard/dagger (4)]
  7424 | D:7      | Reached XP level 10. HP: 1/64 MP: 14/14
  8013 | D:7      | Found a hide-covered altar of Uskayaw.
  9049 | D:8      | Found Vader's Book Shop.
  9151 | D:8      | Found a deep blue altar of Sif Muna.
  9489 | D:8      | Noticed a manticore
  9497 | D:8      | Demolished by a manticore

Skill      XL: |  1  2  3  4  5  6  7  8  9 10 |
---------------+-------------------------------+-----
Stealth        | 1 2 3 5 6 7 9 |  9.1
Dodging        | 4 6 |  6.0
Armour         | 1 2 3 |  3.0
Short Blades   | 5 6 8 9 |  9.2
Evocations     | 1 2 3 4 5 6 |  6.1
Fighting       | 3 4 6 7 9 |  9.2
Throwing       | 3 |  3.4

Action                   |  1- 3 |  4- 6 |  7- 9 | 10-12 || total
-------------------------+-------+-------+-------+-------++-------
Melee: Rapier            |   116 |   136 |   348 |   166 ||   766
       Whip              |       |       |    86 |       ||    86
Throw: Throwing net      |       |     2 |       |       ||     2
 Abil: Evoke Berserk Rag |       |     2 |     5 |     2 ||     9
Evoke: Wand              |       |       |       |     2 ||     2
  Use: Potion            |       |     5 |     1 |     3 ||     9
       Scroll            |       |     6 |     7 |     2 ||    15
 Stab: Sleeping          |     5 |     3 |    12 |     5 ||    25
       Held in net/web   |       |     2 |       |       ||     2
  Eat: Chunk             |     8 |     8 |    16 |    12 ||    44
Armor: Leather armour    |    21 |    15 |    69 |    25 ||   130
       Skin              |       |    14 |       |    12 ||    26
Dodge: Dodged            |    95 |    80 |   322 |    98 ||   595
